 Dungeon Crawl Stone Soup version 0.23.1 (webtiles) character file.

Game seed: 6464458785162665680

742 Fang the Skirmisher (level 7, 0/66 HPs)
             Began as a Gargoyle Berserker on Mar 19, 2019.
             Was a Believer of Trog.
             Slain by an orc wizard
             ... wielding a cursed +0 dagger
              (1 damage)
             ... on level 5 of the Dungeon.
             The game lasted 00:03:48 (4562 turns).

Fang the Skirmisher (Gargoyle Berserker)            Turns: 4562, Time: 00:03:49

Health: 0/66       AC: 17    Str: 27    XL:     7   Next: 76%
Magic:  16/16      EV:  3    Int:  8    God:    Trog [**....]
Gold:   321        SH:  0    Dex:  9    Spells: 6/6 levels left

rFire    . . .     SeeInvis .   a - +0 hand axe
rCold    . . .     Gourm    .   (no shield)
rNeg     + . .     Faith    .   m - +0 plate armour
rPois    ∞         Spirit   .   (no helmet)
rElec    +         Reflect  .   (no cloak)
rCorr    .         Harm     .   (no gloves)
MR       .....                  (no boots)
Stlth    ..........             (no amulet)
HPRegen  0.21/turn              q - ring of magical power
MPRegen  0.15/turn              t - -5 ring of evasion (curse)

@: berserking, very quick
A: negative energy resistance 1, electricity resistance, unbreathing,
petrification resistance, rot immunity, AC +4
a: Berserk, Trog's Hand, Renounce Religion


You were on level 5 of the Dungeon.
You worshipped Trog.
Trog was pleased with you.
You were hungry.

You visited 1 branch of the dungeon, and saw 5 of its levels.

You collected 321 gold pieces.

Inventory:

Hand Weapons
 a - a +0 hand axe (weapon)
Armour
 m - a +0 plate armour (worn)
Jewellery
 q - a ring of magical power (left hand)
 t - a cursed -5 ring of evasion (right hand)
 w - an uncursed ring of flight {unknown}
Wands
 u - a wand of acid (4)
Scrolls
 b - 2 scrolls of noise {unknown}
 d - 5 scrolls of enchant weapon {unknown}
 e - 9 scrolls of identify {unknown}
 f - 2 scrolls of magic mapping {unknown}
 i - 2 scrolls of enchant armour {unknown}
 j - a scroll of teleportation {unknown}
 k - 3 scrolls of remove curse {unknown}
 o - a scroll of amnesia {unknown}
 p - a scroll of blinking {unknown}
 s - 2 scrolls of fog {unknown}
Potions
 g - 3 potions of degeneration {unknown}
 h - a potion of might {unknown}
 l - a potion of resistance {unknown}
 n - 2 potions of haste {unknown}
 r - a potion of curing {unknown}
Comestibles
 c - 10 rations
 v - 6 chunks of flesh


   Skills:
 + Level 5.5 Fighting
 + Level 4.6 Axes
 + Level 5.0 Armour
 + Level 3.7 Dodging


You had 6 spell levels left.
You didn't know any spells.
Your spell library was empty.

Dungeon Overview and Level Annotations

Branches:
Dungeon (5/15)
 Temple: D:4-7

Altars:
Makhleb
Nemelex Xobeh
Wu Jian

Shops:
D:4 [

Annotations:
D:5 2 runed translucent doors, chromaticdragonking's ghost, novice BaFi


Innate Abilities, Weirdness & Mutations

You are resistant to torment.
Your stone body is resilient. (AC +4)
You are immune to poison.
You resist negative energy. (rN+)
You are resistant to electric shocks. (rElec)
You can survive without breathing.
You are immune to petrification.
You are immune to rotting.


Message History

The orc priest is almost dead.
Your plate armour prevents you from hitting the orc wizard.
The orc priest calls down the wrath of Beogh upon you.
Beogh smites you!
* * * LOW HITPOINT WARNING * * *
The orc wizard hits you but does no damage.
A red film seems to cover your vision as you go berserk!
You feel yourself moving faster!
You feel mighty!
You are feeling hungry.
The orc wizard gestures at you while chanting.
The puff of frost hits you!
* * * LOW HITPOINT WARNING * * *
The orc priest hits you but does no damage.
The orc wizard hits you but does no damage.
You completely miss the orc priest.
The orc priest is almost dead.
You hit the orc wizard.
The orc priest hits you but does no damage.
The orc wizard hits you with a cursed +0 dagger.
You die...

........
###...## ...###
.##.....# ..##
........### #..#
...###....####.#
.... .#
#........# .##..
##...###### ##
#...## #..##
#..@# .
.......oo.#
#.##..###....
##. #.### ## .#
#


You could see an orc priest and an orc wizard.

Vanquished Creatures
  The ghost of SolCadguy the Chopper, an amateur FoAK of Lugonu (D:4)
  A phantom (D:5)
  A scorpion (D:4)
  2 crimson imps (D:5)
  2 orc priests
  2 hounds
  A bullfrog skeleton (D:5)
  A worker ant (D:4)
  6 adders
  3 gnolls (D:2)
  2 oozes
  2 adder skeletons
  A dart slug (D:3)
  2 leopard geckos
  19 orcs
  2 ball pythons
  5 giant cockroaches
  7 hobgoblins
  5 kobolds
  6 bats
  5 frilled lizards
  8 goblins
  A quokka skeleton (D:4)
  6 rats
  2 plants (D:3)
93 creatures vanquished.

Notes
Turn   | Place    | Note
-------+----------+-------------------------------------------
     0 | D:1      | Fang the Gargoyle Berserker began the quest for the Orb.
     0 | D:1      | Reached XP level 1. HP: 14/14 MP: 1/1
   522 | D:1      | Reached XP level 2. HP: 19/19 MP: 2/2
  1052 | D:1      | Reached XP level 3. HP: 17/23 MP: 3/3
  1568 | D:2      | Reached ** piety under Trog
  1739 | D:2      | Reached XP level 4. HP: 29/29 MP: 4/4
  1973 | D:2      | Found a burning altar of Makhleb.
  1987 | D:2      | Reached XP level 5. HP: 29/33 MP: 5/5
  2310 | D:3      | Found a sparkling altar of Nemelex Xobeh.
  2722 | D:3      | Found an ornate altar of the Wu Jian Council.
  3349 | D:4      | Found a runed translucent door.
  3350 | D:4      | Noticed SolCadguy's ghost (amateur FoAK)
  3438 | D:4      | Found Viwanew's Antique Armour Shoppe.
  3606 | D:4      | Reached XP level 6. HP: 35/39 MP: 6/6
  3773 | D:4      | Killed SolCadguy's ghost
  3773 | D:4      | Reached skill level 5 in Fighting
  3773 | D:4      | Reached XP level 7. HP: 44/44 MP: 7/7
  3943 | D:5      | Entered Level 5 of the Dungeon
  4355 | D:5      | Found a runed translucent door.
  4356 | D:5      | Noticed chromaticdragonking's ghost (novice BaFi)
  4399 | D:5      | Found a runed translucent door.
  4435 | D:5      | Reached skill level 5 in Armour
  4561 | D:5      | HP: 1/66 [orc wizard/puff of frost (7)]
  4562 | D:5      | Slain by an orc wizard

Skill      XL: |  1  2  3  4  5  6  7 |
---------------+----------------------+-----
Axes           | 3 4 |  4.6
Dodging        | 2 3 |  3.7
Armour         | 3 4 5 |  5.0
Fighting       | 4 5 |  5.5

Action                   |  1- 3 |  4- 6 |  7- 9 || total
-------------------------+-------+-------+-------++-------
Melee: Hand axe          |   131 |   289 |   145 ||   565
Invok: Berserk           |     1 |     2 |     2 ||     5
       Trog's Hand       |       |       |     1 ||     1
  Eat: Chunk             |     3 |     9 |     5 ||    17
Armor: Animal skin       |    46 |       |       ||    46
       Plate armour      |    13 |   133 |   149 ||   295
Dodge: Dodged            |    99 |    63 |    14 ||   176
